 BcadrenCrawl: Boulder Brew version 0.06-688-g08e91b2d95 (webtiles) character file.

Game seed: 2327012882903765569

5288 Angani the Fighter (level 10, 0/118 HPs) White Draconian Demonspawn. Began on Jan 22, 2023. Was a Believer of Bahamut & Tiamat. Slain by a two-headed ogre ... wielding a +0 giant spiked club (17 damage) ... on level 5 of the Dungeon. The game lasted 00:25:00 (7280 turns).

Angani the Fighter (White Draconian Demonspawn)     Turns: 7280, Time: 00:25:01

Health: 0/118      AC: 15    Str: 17    XL:     10 ^: 3417
Magic:  6/13       EV: 11    Int: 13    God:    Bahamut & Tiamat [2* [72]]
Gold:   501        SH:  7    Dex: 13    Spells: 10/11 levels left

rFire    . . .     Slash    +     - Unarmed
rCold    + + .     Pierce   x   m - +0 heater shield {AC+3}
rNeg     . . .     Bludgeon .   (armour unavailable)
rCorr    + . .     Vision   .   (helmet restricted)
rPois    +         Gourm    .   v - +0 cloak
rElec    .         Faith    .   (no gloves)
MR       +....     Spirit   .   (no boots)
HPRegen  0.49/turn Reflect  .   (no amulet)
MPRegen  0.23/turn Harm     .   e - ring of protection from magic
Stlth    ++........             q - ring of poison resistance

@: hasted, very quick
A: claws 1, yellow scales, cold resistance 1, deformed body 2, powered by death
1, augmentation 1, cold-blooded, boosted whips and flails aptitude, ice enhancer
1, rC+, draconic flesh, AC +8
a: Breathe Frost, Adaptive Breath, Renounce Religion


You were on level 5 of the Dungeon.
You worshipped Bahamut & Tiamat.
Bahamut & Tiamat was pleased with you.
You were not hungry.

You visited 2 branches of the dungeon, and saw 6 of its levels.

You collected 501 gold pieces.

Inventory:

Shields
 m - a +0 heater shield of protection (shield)
 z - a cursed +1 scutum of positive energy {(Curse: *Contam)}
Armour
 v - a +0 cloak (worn)
Jewellery
 e - a ring of protection from magic (left claw)
 k - an uncursed ring of magical power
 l - a cursed ring of dexterity {(Curse: MR-)}
 p - an uncursed ring of ice
 q - a ring of poison resistance (right claw)
 u - a cursed amulet of magic regeneration {(Curse: rC-)}
 x - a cursed ring of magical power {(Curse: *Drain)}
 A - a cursed ring of protection {(Curse: *Corrode)}
 B - an uncursed ring of positive energy
 C - a cursed ring of stealth {(Curse: rC-)}
 F - an uncursed ring of strength
 J - an uncursed ring of resist corrosion
Wands
 n - a wand of random effects (2)
 s - a wand of hasting (4)
 w - a wand of disintegration
 E - a wand of flame (2)
 H - a wand of enslavement (1)
Scrolls
 d - 3 scrolls of teleportation
 h - 2 scrolls of blinking
 r - a scroll of enchantment
 t - a scroll of fear
 y - 2 scrolls of magic mapping
Potions
 a - a potion of resistance
 f - a potion of haste
 g - a potion of cure mutation
 i - 2 potions of curing
 j - 2 potions of brilliance
 o - a potion of amnesia
 D - a potion of ambrosia
 I - a potion of mutation
Miscellaneous
 c - 6 empty bottles
Comestibles
 b - 6 rations
 G - 5 chunks of flesh


   Skills:
 + Level 10.0 Fighting
 - Level 2.4 Dodging
 - Level 1.3 Stealth
 + Level 6.0 Shields
 + Level 7.9 Unarmed Combat
 - Level 1.3 Spellcasting
 - Level 1.5 Fire Magic
 + Level 5.2 Invocations


You had 10 spell levels left.
You knew the following spells:

 Your Spells              Type           Power        Failure   Level  Hunger
a - Flame Tongue          Fire           4 (30)       43%         1    23-43

Your spell library contained the following spells:

 Spells                   Type           Power        Failure   Level  Hunger
 Beastly Appendage Tmut 0 (50) 65% 1 23-43 Sandblast Erth 0 (50) 65% 1 23-43 Slow Hex 0 (100) 65% 1 23-43 Blink Tloc N/A 78% 2 63-103 Call Imp Summ 0 (100) 78% 2 63-103 Passwall Tmut/Erth 0 (120) 78% 2 63-103 Sticks to Snakes Tmut 0 (100) 78% 2 63-103 Conjure Flame Fire 4 (100) 80% 3 103-163 Mephitic Cloud Pois/Air 0 (100) 95% 3 103-163 Scorpion Form Tmut/Pois 0 (200) 95% 3 103-163 Snakes to Sticks Hex/Tmut 0 (100) 95% 3 103-163 Stone Arrow Erth 0 (50) 95% 3 103-163 Ice Form Ice/Tmut 1 (100) 100% 4 183-283 Petrify Tmut/Erth 0 (100) 100% 4 183-283 Blade Hands Tmut 0 (200) 100% 5 303-463 Lee's Rapid Deconstruct Erth 0 (200) 100% 5 303-463 Methodical Deconstructi Erth           0 (200)      100%        5    303-463


Dungeon Overview and Level Annotations

Branches:
Dungeon (5/8)              Temple (1/1) D:4
   Lair: D:5

Altars:
Bahamut & Tiamat
Cheibriados
Dithmenos
Elyvilon
Fedhas Madash
Hepliaklqana
Kikubaaqudgha
Nemelex Xobeh
Okawaru
Qazlal
Trog
Uskayaw
Vehumet
Wu Jian
Xom
Zin
The Shining One


Innate Abilities, Weirdness & Mutations

Your icy white scales are resilient. (AC +8)
You can breathe puffs of frost.
You have sharp fingernails. (+3 Unarmed)
You are covered in yellow scales. (rCorr, AC +3)
You are cold resistant. (rC+)
You cannot wear any armour on your peculiar form.
You regenerate a little health from kills.
Your magical and physical power is slightly enhanced at high health.
You are cold-blooded and are slowed more easily by cold attacks.
You are naturally skilled at Whips & Flails (Aptitude +3).
You are in touch with the powers of ice.
Your icy white scales grant you resistance to cold and ice. (rC+)
Your scales resist being cut, but it's oddly easy to stick a small blade between them. (rSlashing+, rPiercing-)


Message History

The two-headed ogre is heavily wounded. (30/52) HP You claw the two-headed ogre (7)!
The two-headed ogre is heavily wounded. (23/52) HP The two-headed ogre hits you with a +0 giant spiked club (19)!!
Tiamat quickens your movements.
The two-headed ogre hits you with a cursed +0 dire flail {(Curse: rC-)} (10)!
You claw the two-headed ogre (7)!
The two-headed ogre is severely wounded. (16/52) HP You scratch the two-headed ogre (5).
You tail-slap the two-headed ogre (2).
The two-headed ogre is almost dead. (9/52) HP You scratch the two-headed ogre (6).
You tail-slap the two-headed ogre, but do no damage.
The two-headed ogre is almost dead. (3/52) HP You have got your breath back.
The two-headed ogre hits you with a +0 giant spiked club (73)!!!!
You are perforated ruthlessly!
Critical Hit!
Ouch! That really hurt!
* * * LOW HITPOINT WARNING * * *
Tiamat extends your haste.
The two-headed ogre hits you with a cursed +0 dire flail {(Curse: rC-)} (17)!
You die...

....... .......
...G... ... .......
... ..... .. ...#
#. ##S.# #. ###O.#
# #. #.@#.# ..# #)
#..### ...#####.
#....######........
###..#.....#.......
#.........#.......
##.##.............
#####............
#..............
###............


You could see a two-headed ogre, an eye of draining and an adder.

Vanquished Creatures
  Maggie (D:4)
  4 war dogs (D:4)
  5 yaks (D:4)
  Grum (D:4)
  2 hungry ghosts (D:4)
  A wyvern (D:5)
  A wolf spider zombie (D:4)
  A bone scorpion (D:4)
  3 orc warriors (D:4)
  2 phantoms (D:4)
  A porcupine (D:3)
  2 water moccasins
  A scorpion (D:5)
  An ice beast (D:4)
  2 ogres
  2 big kobolds (D:2)
  A centaur (D:5)
  3 jellies
  2 killer bees (D:4)
  A hornet zombie (D:4)
  3 llaibwcod (D:4)
  4 orc priests
  5 hounds
  5 worker ants
  6 orc wizards
  A wyvern zombie (D:4)
  2 wyvern skeletons (D:4)
  5 giant cockroaches
  A porcupine skeleton (D:5)
  A cysgobwca (D:3)
  7 adders
  3 gnolls (D:4)
  A gwybwca (D:4)
  26 sewer rats (D:2)
  2 worms (D:2)
  11 cinder newts
  7 bullfrogs
  6 oozes
  A howler monkey skeleton (D:3)
  4 leopard geckos
  24 orcs
  3 adder skeletons
  4 bats
  A goblin (D:1)
  2 hobgoblins (D:1)
  7 jackals
  2 quokkas
  A ball python (D:1)
  8 kobolds
  A quokka skeleton (D:3)
  12 rats
  14 withered plants (D:2)
217 creatures vanquished.

Vanquished Creatures (others)
  A crocodile (D:2)
  A giant cockroach (D:2)
  A bat (D:2)
  A bat skeleton (D:2)
  3 kobolds (D:2)
  3 slimeheads (D:2)
  52 withered plants (D:2)
62 creatures vanquished.

Grand Total: 279 creatures vanquished

Notes
Turn   | Place    | Note
-------+----------+-------------------------------------------
     0 | D:1      | Angani the Immature Draconian Demonspawn began the quest
                  | for the Orb.
     0 | D:1      | Reached XP level 1. HP: 29/29 MP: 3/3
     2 | D:1      | Found a runed translucent door.
    27 | D:1      | Gained mutation: You are covered in yellow scales. (rCorr,
                  | AC +3) [demonic ancestry]
    27 | D:1      | Reached XP level 2. HP: 39/39 MP: 4/4
    83 | D:1      | Reached skill level 2 in Fighting
   536 | D:1      | Reached XP level 3. HP: 42/49 MP: 5/5
   975 | D:1      | Reached skill level 3 in Fighting
   997 | D:1      | Gained mutation: You regenerate a little health from kills.
                  | [demonic ancestry]
   997 | D:1      | Reached XP level 4. HP: 57/59 MP: 6/6
  1113 | D:2      | Noticed a water moccasin
  1122 | D:2      | Killed a water moccasin
  1122 | D:2      | Reached skill level 4 in Fighting
  1122 | D:2      | Reached XP level 5. HP: 49/69 MP: 7/7
  1480 | D:2      | Reached XP level 6. HP: 74/79 MP: 8/8
  1748 | D:2      | Reached skill level 5 in Fighting
  2046 | D:2      | Reached skill level 1 in Shields
  2230 | D:2      | Your scales start taking on an icy white colour.
  2230 | D:2      | Reached XP level 7. HP: 62/89 MP: 9/9
  2230 | D:2      | Gained mutation: You have sharp fingernails. (+3 Unarmed)
                  | [demonic ancestry]
  2230 | D:2      | Gained mutation: Your icy white scales grant you resistance
                  | to cold and ice. (rC+) [White Draconian growth]
  2230 | D:2      | Gained mutation: You are in touch with the powers of ice.
                  | [White Draconian growth]
  2631 | D:2      | Reached skill level 6 in Fighting
  3109 | D:3      | Reached skill level 5 in Unarmed Combat
  3249 | D:3      | Found a sparkling altar of Nemelex Xobeh.
  3781 | D:4      | Reached XP level 8. HP: 99/99 MP: 10/10
  3816 | D:4      | Found a staircase to the Ecumenical Temple.
  3820 | D:4      | Noticed Maggie
  3853 | D:4      | Killed Maggie
  3853 | D:4      | Reached skill level 7 in Fighting
  3964 | Temple   | Entered the Ecumenical Temple
  4694 | D:4      | Reached skill level 8 in Fighting
  4694 | D:4      | Gained mutation: You are cold resistant. (rC+) [demonic
                  | ancestry]
  4694 | D:4      | Reached XP level 9. HP: 95/108 MP: 11/11
  4769 | D:4      | Found a white marble altar of Elyvilon.
  4809 | D:4      | Found a radiant altar of Vehumet.
  4809 | D:4      | Found a blossoming altar of Fedhas.
  4812 | D:4      | Found an ornate altar of Bahamut and Tiamat.
  4829 | D:4      | Became a worshipper of Bahamut & Tiamat
  5416 | D:4      | Reached * piety under Bahamut & Tiamat
  5923 | D:4      | Noticed Grum
  5933 | D:4      | Killed Grum
  5944 | D:4      | Reached skill level 9 in Fighting
  5944 | D:4      | Reached skill level 5 in Shields
  6659 | D:5      | Entered Level 5 of the Dungeon
  6690 | D:4      | Gained mutation: You are naturally skilled at Whips &
                  | Flails (Aptitude +3). [draconic bloodline]
  6690 | D:4      | Gained mutation: Your magical and physical power is
                  | slightly enhanced at high health. [demonic ancestry]
  6690 | D:4      | Reached XP level 10. HP: 95/118 MP: 12/12
  6907 | D:5      | Reached ** piety under Bahamut & Tiamat
  7217 | D:5      | Reached skill level 10 in Fighting
  7217 | D:5      | Reached skill level 5 in Invocations
  7270 | D:5      | Noticed a two-headed ogre
  7280 | D:5      | Slain by a two-headed ogre

Illustrated notes

Levels and vault maps discovered:
D:1:      dpeg_arrival_caged_fury, layout_basic, first_ration
D:2:      layout_sewer, chequers_serial_rivers_small_a,
          chequers_serial_rivers_room_b
D:3:      layout_loops_ring, nemelex_xobeh_ov_fountains_minmay
D:4:      minmay_goldmine, layout_basic, grunt_temple_overflow_open,
          minmay_temple_entry_mini_moons, uniq_grum, uniq_maggie
D:5:      layout_big_octagon, gammafunk_temple_overflow_pools, erik_lair_dragon,
          uniq_fannar
Temple:   hc_temple_tempest_star

Skill      XL: |  1  2  3  4  5  6  7  8  9 10 |
---------------+-------------------------------+-----
Unarmed Combat | 2 3 4 5 6 7 |  7.9
Fighting       | 2 3 4 5 6 8 9 10 | 10.0
Shields        | 1 2 4 5 6 |  6.0
Invocations    | 5 |  5.2
Dodging        | |  2.4
Stealth        | |  1.3
Spellcasting   | |  1.3
Fire Magic     | |  1.5

Action                   |  1- 3 |  4- 6 |  7- 9 | 10-12 || total
-------------------------+-------+-------+-------+-------++-------
Melee: Unarmed           |   106 |   377 |   707 |   139 ||  1329
       Peck              |     5 |    48 |   120 |    30 ||   203
Invok: Choose Tiamat's R |       |       |     1 |       ||     1
       Choose Tiamat's A |       |       |       |     1 ||     1
 Abil: Breathe Frost     |       |       |    10 |     4 ||    14
Evoke: Wand              |       |       |    14 |       ||    14
  Use: Scroll            |       |       |     1 |       ||     1
       Potion            |       |       |     6 |       ||     6
 Stab: Sleeping          |     1 |       |     4 |     1 ||     6
       Distracted        |       |       |     1 |       ||     1
  Eat: Chunk             |       |     4 |    16 |     2 ||    22
       Ration            |       |       |     2 |       ||     2
Armor: Skin              |    14 |    35 |   176 |    45 ||   270
Dodge: Dodged            |     8 |    30 |    38 |    14 ||    90
Block: Heater shield     |       |    20 |    89 |    26 ||   135
